 Dungeon Crawl Stone Soup version 0.32-a0-928-g1cae6b7ea0 (webtiles) character file.

Game seed: 9519065236771322844

5 bananaken the Firebug (level 1, 0/10 HPs)
             Began as a Gargoyle Fire Elementalist on Apr 12, 2024.
             Slain by a jackal (2 damage)
             ... on level 1 of the Dungeon.
             The game lasted 00:02:04 (189 turns).

bananaken the Firebug (Gargoyle Fire Elementalist)   Turns: 189, Time: 00:02:04

Health: 0/10       AC:  4    Str: 11    XL:     1   Next: 80%
Magic:  0/3        EV: 11    Int: 15    God:
Gold:   0          SH:  0    Dex: 10    Spells: 3/4 levels left

rFire   . . .        (no weapon)
rCold   . . .        (no shield)
rNeg    + . .        a - +0 robe
rPois   ∞            (no helmet)
rElec   +            (no cloak)
rCorr   .            (no gloves)
SInv    .            (no boots)
Will    .....        (no amulet)
Stlth   ++           (no ring)
HPRegen 0.21/turn    (no ring)
MPRegen 0.08/turn

%: no passive effects
@: no status effects
A: sickness immunity, AC +2, negative energy resistance 1, electricity
resistance, torment resistance 1, petrification resistance
a: no special abilities


You were on level 1 of the Dungeon.
You visited 1 branch of the dungeon, and saw 1 of its levels.

Inventory:

Armour
 a - a +0 robe (worn)
Scrolls
 d - a scroll of enchant weapon {unknown}


   Skills:
 - Level 1.5 Dodging
 - Level 2.1 Stealth
 + Level 2.1 Spellcasting
 + Level 1.4 Conjurations
 + Level 3.1 Fire Magic


You had 3 spell levels left.
You knew the following spells:

 Your Spells              Type           Power      Damage    Failure   Level
a - Foxfire               Conj/Fire      32%        2x1d5     9%          1

Your spell library contained the following spells:

 Spells                   Type           Power      Damage    Failure   Level
 Scorch                   Fire           22%        2d5       9%          2
 Freeze                   Ice            4%         1d3       22%         1
 Inner Flame              Hex/Fire       6%         N/A       34%         3
 Volatile Blastmotes      Fire/Tloc      12%        2d11      34%         3
 Hailstorm                Conj/Ice       3%         3d5       45%         3
 Frozen Ramparts          Ice            2%         1d1       54%         3
 Flame Wave               Conj/Fire      8%         2d5       65%         4


Dungeon Overview and Level Annotations

Branches:
Dungeon (1/15)

Altars:


Innate Abilities, Weirdness & Mutations

You are immune to sickness and miasma.
Your stone body is resilient. (AC +2)
You are immune to poison.
You resist negative energy. (rN+)
You are resistant to electric shocks. (rElec)
You are resistant to unholy torment.
You are immune to petrification.


Message History

You closely miss the jackal.
The jackal is heavily wounded.
The jackal bites you.
The jackal bites you but does no damage.
The jackal bites you but does no damage.
The jackal attacks as it pursues you! The jackal bites you.
The jackal barely misses you.
Casting: Foxfire (safe; 9% risk of failure)
Confirm with . or Enter, or press ? or * to list all spells.
You miscast Foxfire.
You are very lightly contaminated with residual magic.
Nothing appears to happen.
The jackal bites you but does no damage.
You hit the jackal.
The jackal is heavily wounded.
The jackal closely misses you. The jackal bites you.
* * * LOW HITPOINT WARNING * * *
Magic courses through your body.
The jackal bites you but does no damage.
Casting: Foxfire (safe; 9% risk of failure)
Confirm with . or Enter, or press ? or * to list all spells.
You conjure some foxfire!
The jackal barely misses you.
Your foxfire dissipates!
The jackal attacks as it pursues you! The jackal barely misses you.
The jackal closely misses you.
Casting: Foxfire (safe; 9% risk of failure)
Confirm with . or Enter, or press ? or * to list all spells.
You conjure some foxfire!
The jackal bites you but does no damage.
Your foxfire dissipates!
The jackal closely misses you.
Your magical contamination has completely faded away.
You hit the jackal.
The jackal is almost dead.
The jackal bites you.
* * * LOW HITPOINT WARNING * * *
Casting: Foxfire (safe; 9% risk of failure)
Confirm with . or Enter, or press ? or * to list all spells.
You conjure some foxfire!
The jackal bites you.
You die...

##### ###### #######...####
#....#
.............#############....###
#######........h@v...............
.........#.#############.[..###
###.....#.# #....# #..[.##.#
###### # ## #.......# # .#.#
#...##### # .#.# #...# #######
.#.# #.#.# #...... .#.###>#.#
##.####


You could see a jackal (ally target).

Vanquished Creatures
  3 jackals (D:1)
  2 frilled lizards (D:1)
5 creatures vanquished.

Vanquished Creatures (others)
  10 foxfires (D:1)
10 creatures vanquished.

Grand Total: 15 creatures vanquished

Notes
Turn   | Place    | Note
-------+----------+-------------------------------------------
     0 | D:1      | bananaken the Gargoyle Fire Elementalist began the quest
                  | for the Orb.
     0 | D:1      | Reached XP level 1. HP: 10/10 MP: 3/3
   189 | D:1      | Slain by a jackal

Illustrated notes

Levels and vault maps discovered:
D:1:      dpeg_arrival_tiny_a, layout_basic, minmay_pentomino_r4

Action                     || total
---------------------------++-------
  Melee: Unarmed           ||    19
   Cast: Foxfire           ||    11
    Use: Potion            ||     2
 Armour: Robe              ||    35
  Dodge: Dodged            ||    34

Table legend: (Time is in decaauts)
 A = Elapsed time spent in this place.
 B = Non-inter-level travel time spent in this place.
 C = Inter-level travel time spent in this place.
 D = Time resting spent in this place.
 E = Time spent auto-exploring this place.
 F = Levels seen in this place.
 G = Mean time per level.
                   A        B        C        D        E       F      G
               +--------+--------+--------+--------+--------+-----+--------+
         Total |    189 |    189 |      0 |     10 |     76 |   1 |  189.0 |
       Dungeon |    189 |    189 |      0 |     10 |     76 |   1 |  189.0 |
               +--------+--------+--------+--------+--------+-----+--------+

Top non-repeatable levels by time:
     D:1: 189 daAuts
